 Dungeon Crawl Stone Soup version 0.31-a0-859-g9dce7d3444 (webtiles) character file.

Game seed: 9933218225855358679

37 promet the Sneak (level 3, 0/42 HPs)
             Began as a Human Wanderer on Oct 10, 2023.
             Succumbed to Crazy Yiuf's poison
             ... on level 2 of the Dungeon.
             The game lasted 00:08:36 (1891 turns).

promet the Sneak (Human Wanderer)                   Turns: 1891, Time: 00:08:37

Health: 0/42       AC: 21    Str: 16    XL:     3   Next: 62%
Magic:  4/4        EV:  2    Int: 13    God:
Gold:   78         SH:  5    Dex: 15    Spells: 0/4 levels left

rFire   . . .        a - +0 mace
rCold   . . .        (no shield)
rNeg    . . .        n - melded +0 plate armour
rPois   +            (helmet currently unavailable)
rElec   .            b - melded +0 cloak
rCorr   .            (gloves currently unavailable)
SInv    .            (boots currently unavailable)
Will    .....        e - amulet of reflection
Stlth   +++          g - +5 ring of evasion
HPRegen 0.27/turn    j - +6 ring of strength
MPRegen 0.09/turn

%: reflection
@: lethally poisoned (0 -> -7), tree-form
A: stationary, stasis, torment immunity, boosted hp
a: no special abilities


You were on level 2 of the Dungeon.
You were a tree.
You visited 1 branch of the dungeon, and saw 2 of its levels.

You collected 78 gold pieces.

Inventory:

Hand Weapons
 a - a +0 mace (weapon)
 p - a +0 spear
Missiles
 m - 20 stones
 o - 5 javelins (quivered)
 r - 6 boomerangs
Armour
 b - a +0 cloak (melded)
 d - a +0 robe
 n - a +0 plate armour (melded)
Jewellery
 e - an amulet of reflection (around neck)
 g - a +5 ring of evasion (left branch)
 j - a +6 ring of strength (right branch)
Scrolls
 i - a scroll of fog
Potions
 c - a potion of attraction
 f - 2 potions of enlightenment
 k - a potion of mutation {unknown}
 q - a potion of curing {unknown}


   Skills:
 * Level 2.5 Fighting
 + Level 0.2 Maces & Flails
 + Level 1.3 Polearms
 + Level 0.1 Armour
 + Level 0.2 Dodging
 + Level 4.7 Stealth
 + Level 1.0 Spellcasting
 + Level 2.0 Hexes


You couldn't memorise any spells.
You knew the following spells:

 Your Spells              Type           Power      Damage    Failure   Level
a - Slow                  Hex            20%        N/A       12%         1
b - Dazzling Flash        Conj/Hex       6%         N/A       50%         3

Your spell library contained the following spells:

 Spells                   Type           Power      Damage    Failure   Level
 Anguish                  Hex/Necr       1%         N/A       88%         4


Dungeon Overview and Level Annotations

Branches:
Dungeon (2/15)

Altars:

Annotations:
D:2 Crazy Yiuf


Message History

You see here a +0 chain mail.
Crazy Yiuf shouts!
Okay, then.
Okay, then.
As you read the scroll labelled FICKINE PEORA, it crumbles to dust.
It is a scroll of identify.
f - 2 potions of enlightenment You open the door.
You barely miss Crazy Yiuf.
Crazy Yiuf hits you with a +3 quarterstaff of chaos!
You blink.
You completely miss Crazy Yiuf. Crazy Yiuf barely misses you.
You hit Crazy Yiuf.
Crazy Yiuf is lightly wounded.
Crazy Yiuf yells, "Powder!"
Crazy Yiuf hits you with a +3 quarterstaff of chaos!
You are lethally poisoned!
Crazy Yiuf completely misses you.
It was a potion of lignification.
You turn into a tree.
Your +0 cloak melds into your body.
Your +0 plate armour melds into your body.
Your roots penetrate the ground.
* * * LOW HITPOINT WARNING * * *
You feel very sick.
Crazy Yiuf screams, "Rot wrapper noodlescoop!"
Crazy Yiuf hits you but does no damage.
You hit Crazy Yiuf.
Crazy Yiuf is moderately wounded.
* * * LOW HITPOINT WARNING * * *
You feel very sick. Crazy Yiuf hits you but does no damage.
You closely miss Crazy Yiuf.
Crazy Yiuf is moderately wounded.
* * * LOW HITPOINT WARNING * * *
You feel very sick.
Crazy Yiuf screams, "East song snockshim!"
Crazy Yiuf hits you but does no damage.
You hit Crazy Yiuf.
Crazy Yiuf is moderately wounded.
You die...

#.................#.###.......
#...........##..#...# #.......
#........############ ###.....
#........# #..... #....#####
#######...[. ###.##
########.#...#..... ####)#####
#...##..#.......... #........#
#...'.####......... #........#
#)♣g### ##..#..... #........##
##### ####..... ####......#
#####. ######## #. ### ###
###### #. #.###.###....####.
#......####.......
#..#...##......... #######
#......##.#...#..#


You could see Crazy Yiuf.

Vanquished Creatures
  A worm (D:2)
  A dart slug (D:2)
  A bat (D:1)
  3 endoplasms
  A giant cockroach (D:1)
  A goblin (D:2)
  3 hobgoblins
  3 jackals (D:2)
  8 kobolds
  2 ball pythons (D:1)
  2 frilled lizards (D:2)
  5 rats (D:2)
31 creatures vanquished.

Notes
Turn   | Place    | Note
-------+----------+-------------------------------------------
     0 | D:1      | promet the Human Wanderer began the quest for the Orb.
     0 | D:1      | promet set off with the following items: a +0 spear, a +0
                  | cloak, a potion of attraction, a +0 robe; and the following
                  | spell memorised: Slow; and the following spells available
                  | to memorise: Dazzling Flash, Anguish.
     0 | D:1      | Reached XP level 1. HP: 16/16 MP: 2/2
   491 | D:1      | Reached XP level 2. HP: 16/22 MP: 3/3
  1341 | D:2      | Reached XP level 3. HP: 28/28 MP: 4/4
  1519 | D:2      | Learned a level 3 spell: Dazzling Flash
  1725 | D:2      | Found a runed translucent door.
  1726 | D:2      | Noticed Crazy Yiuf
  1890 | D:2      | HP: 2/42 [poisoned by Crazy Yiuf]
  1891 | D:2      | Succumbed to Crazy Yiuf's poison

Illustrated notes

Levels and vault maps discovered:
D:1:      nzn_arrival_settlement, layout_basic
D:2:      layout_basic, chequers_hall_statues_y, uniq_crazy_yiuf_cottage

Action                     || total
---------------------------++-------
  Melee: Spear             ||    84
         Mace              ||    34
    Use: Scroll            ||     2
         Potion            ||     1
   Stab: Sleeping          ||     3
 Armour: Robe              ||    13
         Plate armour      ||    30
         Skin              ||     3
  Dodge: Dodged            ||    39
  Block: Other             ||    19
         Reflection        ||     2

Table legend: (Time is in decaauts)
 A = Elapsed time spent in this place.
 B = Non-inter-level travel time spent in this place.
 C = Inter-level travel time spent in this place.
 D = Time resting spent in this place.
 E = Time spent auto-exploring this place.
 F = Levels seen in this place.
 G = Mean time per level.
                   A        B        C        D        E       F      G
               +--------+--------+--------+--------+--------+-----+--------+
         Total |   1906 |   1897 |      9 |    225 |    834 |   2 |  953.0 |
       Dungeon |   1906 |   1897 |      9 |    225 |    834 |   2 |  953.0 |
               +--------+--------+--------+--------+--------+-----+--------+

Top non-repeatable levels by time:
     D:1: 1040 daAuts
     D:2: 865 daAuts
